 Dungeon Crawl Stone Soup version 0.20-a0-870-g4070442 (console) character file.

1213 hittembot the Chopper (level 8, -1/70 HPs)
             Began as a Minotaur Fighter on Mar 13, 2017.
             Slain by a killer bee (5 damage)
             ... on level 4 of the Dungeon.
             The game lasted 00:04:05 (4533 turns).

hittembot the Chopper (Minotaur Fighter)            Turns: 4533, Time: 00:04:06

Health: -1/70      AC:  7    Str: 22    XL:     8   Next: 22%
Magic:  7/7        EV:  9    Int:  5    God:
Gold:   183        SH: 10    Dex: 11    Spells: 7/7 levels left

rFire    . . .     SeeInvis .   a - +0 war axe
rCold    . . .     Gourm    .   b - +0 scale mail
rNeg     . . .     Faith    .   c - +0 shield
rPois    .         Spirit   .   (helmet restricted)
rElec    .         Reflect  .   (no cloak)
rCorr    .         Harm     .   (no gloves)
MR       .....                  (no boots)
Stlth    ..........             (no amulet)
Regen    0.3/turn               (no ring)
MPRegen  0.1/turn               (no ring)

@: lethally poisoned (-1 -> -15)
A: retaliatory headbutt, horns 2
a: no special abilities


You were on level 4 of the Dungeon.
You were hungry.

You visited 1 branch of the dungeon, and saw 4 of its levels.

You collected 183 gold pieces.

Inventory:

Hand Weapons
 a - a +0 war axe (weapon)
Armour
 b - a +0 scale mail (worn)
 c - a +0 shield (worn)
Jewellery
 e - an uncursed ring of resist corrosion {unknown}
 s - an uncursed amulet of rage {unknown}
 w - an uncursed ring of magical power {unknown}
 x - a +4 ring of evasion {unknown}
Scrolls
 g - 3 scrolls of teleportation {unknown}
 i - 3 scrolls of recharging {unknown}
 k - 2 scrolls of enchant weapon {unknown}
 n - a scroll of enchant armour {unknown}
 r - 5 scrolls of identify {unknown}
 t - 3 scrolls of amnesia {unknown}
Potions
 d - 3 potions of might
 h - 2 potions of experience {unknown}
 l - a potion of brilliance {unknown}
 o - a potion of berserk rage {unknown}
 p - a potion of haste {unknown}
 q - 2 potions of ambrosia {unknown}
 u - 2 potions of curing {unknown}
 v - 2 potions of agility {unknown}
Comestibles
 f - 6 bread rations
 j - 4 royal jellies
 m - a meat ration


   Skills:
 + Level 6.1 Fighting
 + Level 7.8 Axes
 + Level 5.5 Armour
 + Level 2.8 Dodging
 + Level 0.5 Stealth
 + Level 6.3 Shields


You had 7 spell levels left.
You didn't know any spells.

Dungeon Overview and Level Annotations

Branches:
Dungeon (4/15)
 Temple: D:4-7

Altars:
Vehumet


Innate Abilities, Weirdness & Mutations

You reflexively headbutt those who attack you in melee.
You have a pair of horns on your head.


Message History

The killer bee is heavily wounded.
* * * LOW HITPOINT WARNING * * *
You feel sick. The killer bee barely misses you.
You block the killer bee's attack.
You slash the killer bee!
You kill the killer bee!
* * * LOW HITPOINT WARNING * * *
You feel very sick. You block the killer bee's attack.
You barely miss the killer bee. Your headbutt misses the killer bee.
The killer bee is lightly wounded.
* * * LOW HITPOINT WARNING * * *
You feel sick. You block the killer bee's attack.
The killer bee stings you but does no damage.
You block the killer bee's attack.
You closely miss the killer bee.
The killer bee is lightly wounded.
* * * LOW HITPOINT WARNING * * *
You feel sick. The killer bee barely misses you. The killer bee stings you.
You die...

###
##########
#.# #.#
#.#
########.#
#........#
#.########
#.#
########.#
#yy@.....#
#y########
.. ##


You could see 3 killer bees.

Vanquished Creatures
  Grinder (D:4)
  Sigmund (D:4)
  Menkaure (D:4)
  An ogre (D:3)
  A phantom (D:4)
  A scorpion (D:4)
  2 killer bees (D:4)
  A howler monkey (D:4)
  2 bullfrog skeletons (D:4)
  Natasha (thrice) (D:3)
  An iguana (D:4)
  3 worker ants (D:4)
  4 gnolls (D:3)
  5 adders
  An ooze (D:3)
  3 dart slugs (D:1)
  A leopard gecko (D:2)
  An orc (D:4)
  10 bats
  7 giant cockroaches
  7 goblins
  6 hobgoblins
  8 jackals
  3 quokkas
  2 ball pythons
  4 frilled lizards
  10 kobolds
  A leopard gecko skeleton (D:4)
  12 rats
103 creatures vanquished.

Notes
Turn   | Place    | Note
-------+----------+-------------------------------------------
     0 | D:1      | hittembot the Minotaur Fighter began the quest for the Orb.
     0 | D:1      | Reached XP level 1. HP: 19/19 MP: 0/0
   354 | D:1      | Reached XP level 2. HP: 27/27 MP: 1/1
   911 | D:2      | Reached XP level 3. HP: 33/33 MP: 2/2
  1385 | D:2      | Reached skill level 3 in Axes
  1710 | D:2      | Reached XP level 4. HP: 40/40 MP: 3/3
  2012 | D:3      | Noticed an ogre
  2017 | D:3      | Noticed Natasha
  2019 | D:3      | Killed an ogre
  2019 | D:3      | Reached skill level 4 in Axes
  2019 | D:3      | Reached skill level 1 in Dodging
  2019 | D:3      | Reached XP level 5. HP: 31/47 MP: 4/4
  2021 | D:3      | Killed Natasha
  2021 | D:3      | Reached skill level 5 in Shields
  2285 | D:3      | Noticed Natasha
  2289 | D:3      | Killed Natasha
  2510 | D:3      | Reached XP level 6. HP: 32/53 MP: 5/5
  2945 | D:3      | Noticed Natasha
  2949 | D:3      | Killed Natasha
  3048 | D:4      | Reached skill level 5 in Fighting
  3048 | D:4      | Reached skill level 5 in Axes
  3144 | D:4      | Found a radiant altar of Vehumet.
  3327 | D:4      | Reached XP level 7. HP: 55/61 MP: 6/6
  3333 | D:4      | Reached skill level 6 in Axes
  3552 | D:4      | Noticed Menkaure
  3562 | D:4      | HP: 3/61 [??? (1)]
  3563 | D:4      | Killed Menkaure
  4041 | D:4      | Noticed Grinder
  4041 | D:4      | Paralysed by Grinder for 7 turns
  4072 | D:4      | Paralysed by Grinder for 3 turns
  4077 | D:4      | Killed Grinder
  4077 | D:4      | Reached skill level 7 in Axes
  4077 | D:4      | Reached skill level 5 in Armour
  4385 | D:4      | Noticed Sigmund
  4395 | D:4      | Killed Sigmund
  4395 | D:4      | Reached XP level 8. HP: 60/70 MP: 7/7
  4533 | D:4      | Slain by a killer bee

Vault maps used:
D:1:      ncdulo_halloftheorcs, solitary_fountain
D:2:      kb_forest_paths
D:3:      first_bread, uniq_natasha
D:4:      grunt_temple_overflow_bloody_war, nicolae_overflow_crystal_walls,
          serial_glass, glass_columns_c, glass_columns_b,
          kennysheep_small_spiral, minmay_joined_circles, uniq_pikel,
          uniq_sigmund, uniq_grinder, uniq_menkaure

Skill      XL: |  1  2  3  4  5  6  7 |
---------------+----------------------+-----
Shields        | 4 5 6 |  6.3
Fighting       | 4 5 6 |  6.1
Armour         | 4 5 |  5.5
Axes           | 3 4 5 7 |  7.8
Dodging        | 1 2 |  2.8
Stealth        | |  0.5

Action                   |  1- 3 |  4- 6 |  7- 9 || total
-------------------------+-------+-------+-------++-------
Melee: War axe           |    95 |   114 |    65 ||   274
       Headbutt          |     7 |    22 |     9 ||    38
  Eat: Chunk             |     3 |     5 |     3 ||    11
Armor: Scale mail        |    54 |    41 |    14 ||   109
Dodge: Dodged            |    37 |    29 |    20 ||    86
Block: Shield            |    75 |    59 |    40 ||   174
